 Dungeon Crawl Stone Soup version 0.30-a0-743-gbfdf073431 (webtiles) character file.

Game seed: 13671319974349069141

104194 M4edhros the Transmogrifier (level 16, -8/174 HPs)
             Began as an Octopode Transmuter on Feb 5, 2023.
             Was a High Priest of Cheibriados.
             Mangled by a naga warrior
             ... wielding a +0 hand axe
              (15 damage)
             ... on level 3 of the Snake Pit.
             The game lasted 01:30:26 (10082 turns).

M4edhros the Transmogrifier (Octopode Transmuter)  Turns: 10082, Time: 01:30:27

Health: -8/174     AC: 24    Str: 35      XL:     16   Next: 38%
Magic:  6/30       EV: 24    Int: 28      God:    Cheibriados [*****.]
Gold:   1143       SH:  0    Dex: 42 (43) Spells: 3/35 levels left

rFire   + + .      SeeInvis .      - Unarmed
rCold   + . .      Faith    .    (shield currently unavailable)
rNeg    + + .      Spirit   .    (helmet currently unavailable)
rPois   +          Reflect  .    U - amulet of regeneration
rElec   +          Harm     .    a - +4 ring of protection
rCorr   .          Rampage  .    C - ring of ice
Will    ++...                    l - +6 ring of dexterity
Stlth   ++++++++                 r - ring "Vasafaxof" {AC+4 Slay+3 Stlth+}
HPRegen 1.29/turn                Z - ring of protection from cold
MPRegen 0.22/turn                b - +6 ring of dexterity
                                 t - ring "Mud Qage" {rElec rN+ Will+}
                                 J - ring of the Present {rF+ rN+ Int+3 Dex+2}

@: lethally poisoned (-8 -> -9), about to teleport, dragon-form (expiring),
flying, studying Translocations, very slow
A: dragon claw, dragon scales, breathe fire, flying, boosted hp, almost no
armour, amphibious, 8 rings, giant, (camouflage 1), (gelatinous body 1), (nimble
swimmer 1), (tentacles), (fangs 1), (iridescent scales 1), clumsy 1,
deterioration 1, dopey 1, robust 1, strong 1
a: Breathe Fire, End Transformation, Renounce Religion, Bend Time, Temporal
Distortion, Slouch, Step From Time


You were on level 3 of the Snake Pit.
You worshipped Cheibriados.
Cheibriados was extremely pleased with you.
You were a fearsome dragon!
You visited 5 branches of the dungeon, and saw 23 of its levels.
You also visited: Bailey, Gauntlet, Ice Cave and Volcano.

You collected 2719 gold pieces.
You spent 1576 gold pieces at shops.

Inventory:

Hand Weapons
 A - the +8 long sword of Zostriro {holy, Will- MP+9 Str+6 Int-4}
   (You found it in a bailey)

   Str:       It affects your strength (+6).
   Int:       It affects your intelligence (-4).
   MP:        It affects your magic capacity (+9).
   Will:      It decreases your willpower.
 V - the +6 shillelagh "Devastator" {shatter}
   (You found it on level 5 of the Lair of Beasts)
Missiles
 n - 14 throwing nets
 o - 6 atropa-tipped darts
 v - 3 curare-tipped darts
 H - 11 javelins
Armour
 f - a +1 buckler of cold resistance
 i - an orb of guile (melded)
 z - the +2 hat of Hubris (melded) {-Tele Str+4 Slay+6}
   (You acquired it on level 10 of the Dungeon)

   Str:       It affects your strength (+4).
   Slay:      It affects your accuracy & damage with ranged weapons and melee
   (+6).
   -Tele:     It prevents most forms of teleportation.
Magical Staves
 q - a staff of air
Jewellery
 a - a +4 ring of protection (left foreclaw)
 b - a +6 ring of dexterity (on tentacle)
 e - a ring of willpower
 g - the ring "Cyuroott" {Drain rF- rC+ rCorr Int+6 Slay+6}
   (You found it in an ice cave)

   [ring of protection from cold]

   Int:       It affects your intelligence (+6).
   Slay:      It affects your accuracy & damage with ranged weapons and melee
   (+6).
   rF:        It makes you vulnerable to fire.
   rC:        It protects you from cold.
   rCorr:     It protects you from acid and corrosion.
   Drain:     It drains your maximum health when unequipped.
 l - a +6 ring of dexterity (on tentacle)
 r - the ring "Vasafaxof" (on tentacle) {AC+4 Slay+3 Stlth+}
   (You took it off a gnoll on level 6 of the Dungeon)

   [ring of protection]

   AC:        It affects your AC (+4).
   Slay:      It affects your accuracy & damage with ranged weapons and melee
   (+3).
   Stlth:     It makes you more stealthy.
 t - the ring "Mud Qage" (on tentacle) {rElec rN+ Will+}
   (You found it in a Gauntlet)

   [ring of willpower]

   rElec:     It insulates you from electricity.
   rN:        It protects you from negative energy.
   Will:      It increases your willpower.
 B - the ring "Ypabu" {rF+ Str+3 Stlth+}
   (You acquired it on level 10 of the Dungeon)

   [ring of protection from fire]

   Str:       It affects your strength (+3).
   rF:        It protects you from fire.
   Stlth:     It makes you more stealthy.
 C - a ring of ice (right foreclaw)
 J - the ring of the Present (on tentacle) {rF+ rN+ Int+3 Dex+2}
   (You found it in a Gauntlet)

   [ring of positive energy]

   Int:       It affects your intelligence (+3).
   Dex:       It affects your dexterity (+2).
   rF:        It protects you from fire.
   rN:        It protects you from negative energy.
 P - a ring of fire
 U - an amulet of regeneration (around neck)
 Z - a ring of protection from cold (on tentacle)
Wands
 k - a wand of mindburst (3)
 s - a wand of roots (17)
 F - a wand of digging (10)
Scrolls
 c - 6 scrolls of teleportation
 d - 4 scrolls of immolation
 m - a scroll of torment
 x - 3 scrolls of vulnerability
 y - a scroll of butterflies
 I - a scroll of enchant armour
 N - a scroll of magic mapping
 O - a scroll of fear
 W - a scroll of blinking
Potions
 h - 6 potions of curing
 j - 3 potions of cancellation
 p - 3 potions of flight
 D - 3 potions of brilliance
 E - a potion of invisibility
 Q - 3 potions of might {unknown}
 R - 2 potions of mutation
 S - a potion of ambrosia {unknown}
Miscellaneous
 L - a tin of tremorstones (2/2)
 M - a box of beasts
 T - a phial of floods


   Skills:
 + Level 8.4 Fighting
 - Level 12.1 Dodging
 - Level 12.0 Stealth
 - Level 10.0 Unarmed Combat
 + Level 10.4 Spellcasting
 - Level 3.0 Conjurations
 - Level 4.0 Hexes
 * Level 6.4 Summonings
 - Level 10.0 Translocations
 - Level 14.2 Transmutations
 - Level 3.0 Ice Magic
 - Level 3.0 Air Magic
 - Level 4.0 Poison Magic
 - Level 6.0 Invocations


You had 3 spell levels left.
You knew the following spells:

 Your Spells              Type           Power      Damage    Failure   Level
a - Beastly Appendage     Tmut           100%       N/A       0%          1
b - Metabolic Englaciati  Hex/Ice        25%        N/A       26%         5
c - Dazzling Flash        Conj/Hex       68%        N/A       2%          3
d - Ice Form              Ice/Tmut       76%        N/A       1%          4
e - Mephitic Cloud        Conj/Pois/Air  33%        N/A       3%          3
f - Summon Forest         Summ/Tloc      28%        N/A       3%          5
g - Apportation           Tloc           100%       N/A       1%          1
h - Dragon Form           Tmut           38%        N/A       10%         7
i - Ozocubu's Armour      Ice            47%        N/A       3%          3

Your spell library contained the following spells:

 Spells                   Type           Power      Damage    Failure   Level
 Wereblood                Tmut           76%        N/A       0%          2
 Freeze                   Ice            100%       1d10      1%          1
 Sting                    Tmut/Pois      100%       1d8       1%          1
 Summon Small Mammal      Summ           100%       N/A       1%          1
 Ensorcelled Hibernation  Hex/Ice        100%       N/A       1%          2
 Passwall                 Tmut/Erth      44%        N/A       1%          2
 Poisonous Vapours        Pois/Air       68%        N/A       1%          2
 Gell's Gravitas          Tloc           63%        N/A       1%          3
 Kindle Blastsparks       Fire/Tloc/Air  76%        2d16      1%          3
 Portal Projectile        Hex/Tloc       100%       N/A       1%          3
 Spider Form              Tmut/Pois      60%        N/A       1%          3
 Teleport Other           Tloc           63%        N/A       1%          3
 Cigotuvi's Dreadful Rot  Necr/Pois/Air  54%        N/A       2%          2
 Confusing Touch          Hex            37%        N/A       2%          3
 Necrotise                Necr           56%        1d6       3%          1
 Frozen Ramparts          Ice            94%        1d15      3%          3
 Hailstorm                Conj/Ice       47%        3d11      3%          3
 Swiftness                Air            31%        N/A       3%          3
 Stone Arrow              Conj/Erth      46%        3d9       6%          3
 Blade Hands              Tmut           38%        N/A       1%          5
 Iskenderun's Mystic Bla  Conj/Tloc      50%        2d11      2%          4
 Yara's Violent Unravell  Hex/Tmut       30%        3d13      2%          5
 Irradiate                Conj/Tmut      29%        3d21      3%          5
 Olgreb's Toxic Radiance  Pois           37%        N/A       8%          4
 Fulminant Prism          Conj/Hex       17%        3d10      9%          4
 Dispersal                Tloc           31%        N/A       10%         6
 Eringya's Noxious Bog    Tmut/Pois      30%        N/A       14%         6
 Leda's Liquefaction      Hex/Erth       12%        N/A       17%         4
 Silence                  Hex/Air        17%        N/A       26%         5
 Agony                    Necr           14%        N/A       71%         5
 Lee's Rapid Deconstruct  Erth           7%         3d6*      71%         5
 Summon Hydra             Summ           25%        N/A       93%         7
 Simulacrum               Ice/Necr       17%        N/A       97%         6
 Starburst                Conj/Fire      11%        6d5       97%         6
 Enfeeble                 Hex            18%        N/A       99%         7
 Death's Door             Necr           7%         N/A       100%        9


Dungeon Overview and Level Annotations

Branches:
Dungeon (12/15)            Temple (1/1) D:7            Lair (5/5) D:10
  Swamp (0/4) Lair:3        Snake (3/4) Lair:3        Slime (0/5) Lair:5
    Orc (2/2) D:11            Elf (0/3) Orc:2        Bailey (visited)
  IceCv (visited)         Volcano (visited)         Gauntlet (visited)

Altars:
Ashenzari
Cheibriados
Elyvilon
Hepliaklqana
Kikubaaqudgha
Makhleb
Ru
Uskayaw
Vehumet
Wu Jian
Xom
Yredelemnul
Zin
The Shining One

Shops:
D:11 :   Orc:2 [*(:=   Snake:1 ?

Annotations:
Lair:4 exclusion: oklob plant


Innate Abilities, Weirdness & Mutations

You are a fearsome dragon!
You have a powerful clawing attack.
Your giant scaled body is strong and resiliant, but less evasive.
You can breathe fire.
You are flying.
Your maximum health is greatly increased.
Your armour is entirely melded.
You are incapable of wielding weapons or throwing items.
You cannot wear most types of armour.
You are amphibious.
You can wear up to eight rings at the same time.
((Your skin changes colour to match your surroundings (Stealth+).))
((Your rubbery body absorbs attacks. (AC +1, EV +1)))
((You are camouflaged when in or above water. (Stealth+)))
((You have tentacles for arms and can constrict up to eight enemies at once.))
((You have very sharp teeth.))
((You are partially covered in iridescent scales. (AC +2)))
You are clumsy. (Dex -2)
Your body sometimes deteriorates upon taking damage.
You are dopey. (Int -2)
You are robust. (+10% HP)
Your muscles are strong. (Str +4, Int/Dex -1)


Message History

The naga sharpshooter spits poison at you.
The splash of poison misses you.
You feel sick.
The naga sharpshooter shoots an arrow.
The arrow closely misses you.
The naga sharpshooter shoots an arrow.
The arrow hits you!
* * * LOW HITPOINT WARNING * * *
Space becomes stable.
You feel sick.
A naga sharpshooter comes into view. It is wielding a +0 battleaxe.
The naga sharpshooter unwields a +0 shortbow.
The naga sharpshooter wields a +0 long sword.
The naga sharpshooter completely misses you.
The naga sharpshooter unwields a +0 long sword.
The naga sharpshooter wields a +0 shortbow.
The naga sharpshooter shoots an arrow.
The arrow hits you!!
* * * LOW HITPOINT WARNING * * *
Your body deteriorates!
You feel clumsy.
You maul the naga sharpshooter!!!
You kill the naga sharpshooter!
Cheibriados appreciates the change of pace.
You feel sick.
A naga sharpshooter comes into view. It is wielding a +0 mace.
The naga sharpshooter unwields a +0 battleaxe.
The naga sharpshooter wields a +0 shortbow.
The naga sharpshooter gestures wildly while chanting.
The naga sharpshooter magically shoots an arrow.
The arrow barely misses you.
As you read the scroll of teleportation, it crumbles to dust.
You feel strangely unstable.
Your transformation is almost over.
The naga warrior no longer looks unusually toxic.
The naga sharpshooter unwields a +0 mace.
The naga sharpshooter wields a +0 arbalest.
The naga sharpshooter shoots a bolt.
The bolt hits you!!
* * * LOW HITPOINT WARNING * * *
Okay, then.
You feel sick.
The naga warrior attacks as you move away!
The naga warrior hits you with a +0 hand axe!
You die...

...... ..## .♣ .....
.... ... ..... #..##
.. ##...##...###♣## ♣.
.###...#....#..##.##
.#
...........##...).##.#
#)........##..)....#
#........##)......#
##..).ND###....)..#
##)...)#♣.....)..#
#)N.)†)†..N..))##
#)##..#N..)....#
#)♣####.......#.. .)#
..#########.# ..N♣ ..#
.# ......## # ..♣N


You could see a naga warrior, a naga sharpshooter and a salamander (strong).

Vanquished Creatures
  Agnes (Snake:3)
  A rockslime (IceCv)
  3 azure jellies (IceCv)
  2 orc warlords
  A reaper (Gauntlet)
  4 quicksilver oozes (IceCv)
  A dire elephant (Lair:5)
  The ghost of P0WERM0DE the Fighter, a journeyman OpDe of Cheibriados (Lair:1)
  A fire dragon (Lair:5)
  Harold (Lair:2)
  A salamander tyrant (Snake:2)
  4 hydras
  5 anacondas
  4 catoblepae
  2 boulder beetles (Lair:3)
  A two-headed ogre (D:11)
  2 naga warriors (Snake:2)
  3 death yaks (Lair:5)
  2 naga sharpshooters (Snake:3)
  2 orc high priests (Orc:2)
  2 shock serpents
  Sonja (D:10)
  A skeletal warrior (D:11)
  2 salamander mystics (Snake:3)
  A sea snake (Snake:1)
  A swamp dragon (Lair:5)
  3 orange crystal statues (IceCv)
  A naga ritualist (Snake:3)
  The ghost of bezhaha the Basher, a novice OgWr of Wu Jian (D:6)
  3 lindwurms
  5 orc knights
  4 mana vipers
  A deep elf pyromancer (D:11)
  An oklob plant (Lair:1)
  3 orc sorcerers (Orc:2)
  4 manticores
  5 salamanders
  3 guardian serpents
  6 naga magi
  12 elephants
  A toenail golem (Volcano)
  3 molten gargoyles (Volcano)
  20 black mambas
  10 cane toads
  A gargoyle (D:12)
  Maggie (D:6)
  An unseen horror (D:11)
  A minotaur zombie (Gauntlet)
  4 rime drakes
  A kobold demonologist (D:10)
  6 komodo dragons
  7 trolls
  A hellwing (Gauntlet)
  A polar bear (shapeshifter) (Gauntlet)
  A polar bear (Lair:2)
  A hornet (D:9)
  9 blink frogs (Lair:4)
  2 dream sheep (Lair:5)
  Sigmund (D:2)
  9 slime creatures (IceCv)
  6 flying skulls (Gauntlet)
  2 wraiths
  2 shadows
  Grum (Bailey)
  7 wyverns
  4 steam dragons
  47 yaks
  6 basilisks
  2 wargs (Orc:2)
  3 vampire mosquitoes (D:12)
  8 nagas
  Menkaure (D:5)
  2 acid dragons
  20 water moccasins
  3 swamp drakes (Lair:5)
  A nameless horror (Lair:3)
  2 ice beasts (D:6)
  31 orc warriors
  4 great orb of eyes simulacra (IceCv)
  2 black bears
  20 wolves
  4 centaurs
  12 ogres
  3 kobold brigands
  3 slime creature simulacra (IceCv)
  16 bullfrogs
  A necrophage (D:6)
  An earth elemental (Volcano)
  11 gnoll sergeants
  3 glowing shapeshifter simulacra (IceCv)
  2 scorpions
  3 wights (D:7)
  8 electric eels
  3 howler monkeys (D:11)
  4 jellies (Lair:5)
  10 hounds
  17 orc priests
  4 iguanas
  Jessica (D:2)
  12 gnoll boudas
  21 orc wizards
  Robin (D:2)
  8 adders
  26 gnolls
  2 shadow imps (Gauntlet)
  2 white imps
  3 ufetubi
  4 worms
  5 dart slugs
  41 orcs
  9 endoplasms
  2 giant cockroaches
  5 goblins
  10 hobgoblins
  6 jackals (D:3)
  3 quokkas
  8 ball pythons
  3 bats
  5 frilled lizards
  14 kobolds
  4 rats
657 creatures vanquished.

Vanquished Creatures (collateral kills)
  3 naga warriors
  A shock serpent (Snake:3)
  A mana viper (Snake:3)
  A naga mage (Snake:3)
  5 nagas (Snake:3)
11 creatures vanquished.

Vanquished Creatures (others)
  A minotaur (Gauntlet)
  A komodo dragon (Lair:5)
  An earth elemental (Volcano)
  18 fungi
  38 plants
  A snaplasher vine (Snake:3)
  A withered plant (Gauntlet)
61 creatures vanquished.

Grand Total: 729 creatures vanquished

Notes
Turn   | Place    | Note
-------+----------+-------------------------------------------
     0 | D:1      | M4edhros the Octopode Transmuter began the quest for the
                  | Orb.
     0 | D:1      | Reached XP level 1. HP: 13/13 MP: 3/3
   259 | D:2      | Noticed Jessica
   262 | D:2      | Found a shimmering altar of Xom.
   266 | D:2      | Killed Jessica
   267 | D:2      | Reached XP level 2. HP: 18/18 MP: 5/5
   267 | D:2      | Reached XP level 3. HP: 23/23 MP: 6/6
   276 | D:2      | Reached skill level 3 in Transmutations
   288 | D:2      | Became a worshipper of The Xom-Meister,
                  | Xom-a-lom-a-ding-dong
   413 | D:3      | Learned a level 3 spell: Spider Form
   459 | D:4      | XOM: silly message
   472 | D:4      | Found a sacrificial altar of Ru.
   484 | D:4      | Found a glowing silver altar of Zin.
   528 | D:4      | Reached XP level 4. HP: 28/28 MP: 2/7
   545 | D:4      | Found a snail-covered altar of Cheibriados.
   557 | D:4      | Fell from the grace of Xom
   557 | D:4      | Became a worshipper of Cheibriados the Contemplative
   816 | D:2      | Learned a level 3 spell: Dazzling Flash
   821 | D:2      | Noticed Robin
   855 | D:2      | Killed Robin
   856 | D:2      | Reached skill level 1 in Poison Magic
   921 | D:2      | Noticed Sigmund
   932 | D:2      | Killed Sigmund
   933 | D:2      | Reached skill level 1 in Hexes
   933 | D:2      | Reached XP level 5. HP: 33/33 MP: 6/9
   933 | D:2      | Reached XP level 6. HP: 38/38 MP: 6/10
  1102 | D:1      | Reached * piety under Cheibriados
  1164 | D:1      | XOM: draining
  1458 | D:2      | Found a faded altar of an unknown god.
  1539 | D:2      | XOM: give mutations
  1539 | D:2      | Gained mutation: Your muscles are strong. (Str +4, Int/Dex
                  | -1) [Xom's mischief]
  1539 | D:2      | Lost mutation: Your muscles are strong. (Str +4, Int/Dex
                  | -1) [Xom's mischief]
  1573 | D:3      | XOM: 3-stop teleportation journey
  1638 | D:3      | Found an ornate altar of the Wu Jian Council.
  1703 | D:3      | Found a radiant altar of Vehumet.
  1723 | D:4      | Found an ancient bone altar of Kikubaaqudgha.
  1731 | D:4      | Found a white marble altar of Elyvilon.
  1834 | D:4      | Reached skill level 4 in Transmutations
  1893 | D:4      | XOM: draining
  1898 | D:4      | Reached ** piety under Cheibriados
  1960 | D:4      | Found a broken altar of Ashenzari.
  2009 | D:5      | Entered Level 5 of the Dungeon
  2060 | D:5      | Noticed a water moccasin
  2061 | D:5      | Noticed Menkaure
  2123 | D:5      | Learned a level 4 spell: Ice Form
  2188 | D:4      | XOM: give mutation
  2188 | D:4      | Gained mutation: Your mind is acute. (Int +4, Str/Dex -1)
                  | [Xom's mischief]
  2272 | D:5      | Reached XP level 7. HP: 31/43 MP: 11/11
  2352 | D:5      | Reached skill level 5 in Unarmed Combat
  2352 | D:5      | Reached skill level 1 in Conjurations
  2352 | D:5      | Reached skill level 1 in Ice Magic
  2389 | D:5      | XOM: give mutations
  2389 | D:5      | Gained mutation: You have hidden genetic defects. [Xom's
                  | mischief]
  2389 | D:5      | Gained mutation: You occasionally lose the ability to drink
                  | potions when taking damage. [Xom's mischief]
  2391 | D:5      | Lost mutation: Your mind is acute. (Int +4, Str/Dex -1)
                  | [potion of mutation]
  2391 | D:5      | Lost mutation: You occasionally lose the ability to drink
                  | potions when taking damage. [potion of mutation]
  2391 | D:5      | Gained mutation: You are clumsy. (Dex -2) [potion of
                  | mutation]
  2391 | D:5      | Gained mutation: Your muscles are strong. (Str +4, Int/Dex
                  | -1) [potion of mutation]
  2391 | D:5      | Gained mutation: You have a pair of small antennae on your
                  | head. [potion of mutation]
  2391 | D:5      | Gained mutation: You possess an exceptional clarity of
                  | mind. [potion of mutation]
  2457 | D:5      | Gained mutation: You are very clumsy. (Dex -4) [hidden
                  | defects]
  2459 | D:5      | Killed Menkaure
  2469 | D:5      | Gained mutation: You occasionally lose the ability to drink
                  | potions when taking damage. [hidden defects]
  2469 | D:5      | Lost mutation: You have hidden genetic defects. [hidden
                  | defects expressed]
  2495 | D:6      | Found a transporter.
  2502 | D:6      | Reached skill level 5 in Transmutations
  2502 | D:6      | Reached XP level 8. HP: 40/48 MP: 6/12
  2530 | D:6      | Reached skill level 6 in Transmutations
  2554 | D:6      | Noticed bezhaha's ghost (novice OgWr)
  2555 | D:6      | Identified the ring "Vasafaxof" {AC+4 Slay+3 Stlth+}
  2590 | D:6      | Found a transporter.
  2611 | D:6      | Reached skill level 7 in Transmutations
  2620 | D:6      | Reached *** piety under Cheibriados
  2654 | D:6      | Reached skill level 8 in Transmutations
  2665 | D:6      | Lost mutation: You are very clumsy. (Dex -4) [potion of
                  | mutation]
  2665 | D:6      | Lost mutation: You possess an exceptional clarity of mind.
                  | [potion of mutation]
  2665 | D:6      | Lost mutation: Your muscles are strong. (Str +4, Int/Dex
                  | -1) [potion of mutation]
  2665 | D:6      | Gained mutation: You have very sharp teeth. [potion of
                  | mutation]
  2665 | D:6      | Gained mutation: You are dopey. (Int -2) [potion of
                  | mutation]
  2665 | D:6      | Gained mutation: You are robust. (+10% HP) [potion of
                  | mutation]
  2753 | D:6      | Noticed Maggie
  2761 | D:6      | Reached XP level 9. HP: 59/59 MP: 11/13
  2817 | D:6      | Killed Maggie
  3238 | D:7      | Found a staircase to the Ecumenical Temple.
  3242 | Temple   | Entered the Ecumenical Temple
  3343 | D:6      | Killed bezhaha's ghost
  3344 | D:6      | Reached skill level 5 in Fighting
  3344 | D:6      | Reached skill level 5 in Dodging
  3395 | D:6      | XOM: noise
  3531 | D:8      | Reached XP level 10. HP: 71/72 MP: 10/14
  3548 | D:8      | Found a glowing golden altar of the Shining One.
  3555 | D:8      | Reached **** piety under Cheibriados
  3563 | D:8      | Reached skill level 1 in Stealth
  3745 | D:8      | You fall into a shaft and drop 1 floor!
  4071 | D:9      | XOM: 2-stop teleportation journey
  4227 | D:10     | Entered Level 10 of the Dungeon
  4240 | D:10     | Found a flagged portal.
  4244 | D:10     | Reached skill level 5 in Stealth
  4255 | Bailey   | Entered a bailey
  4267 | Bailey   | Reached ***** piety under Cheibriados
  4376 | Bailey   | Reached skill level 1 in Invocations
  4405 | Bailey   | Identified the +8 long sword of Zostriro {holy, Will- MP+9
                  | Str+6 Int-4}
  4476 | Bailey   | Noticed Grum
  4507 | Bailey   | Killed Grum
  4547 | Bailey   | Learned a level 3 spell: Mephitic Cloud
  4620 | D:10     | Noticed Sonja
  4628 | D:10     | Killed Sonja
  4629 | D:10     | Reached skill level 5 in Invocations
  4629 | D:10     | Reached XP level 11. HP: 56/82 MP: 15/15
  4662 | D:10     | Identified 3 scrolls of acquirement
  4663 | D:10     | 3 acquire lol
  4663 | D:10     | Acquired the ring "Ypabu" {rF+ Str+3 Stlth+}
  4676 | D:10     | Acquired a book of Transfigurations
  4678 | D:10     | Acquired the +2 hat of Hubris {-Tele Str+4 Slay+6}
  4711 | D:10     | Reached skill level 1 in Air Magic
  4736 | D:10     | Found a staircase to the Lair.
  4858 | D:10     | Found a hazy altar of Hepliaklqana.
  4868 | D:10     | Noticed a six-headed hydra
  4879 | D:10     | Killed a six-headed hydra
  4944 | D:10     | Found a burning altar of Makhleb.
  4990 | D:9      | XOM: give mutation
  4990 | D:9      | Gained mutation: You are weak. (Str -2) [Xom's mischief]
  5099 | D:10     | Found a shimmering altar of Xom.
  5136 | D:10     | XOM: give mutations
  5136 | D:10     | Lost mutation: You are weak. (Str -2) [Xom's mischief]
  5136 | D:10     | Gained mutation: You are very dopey. (Int -4) [Xom's
                  | mischief]
  5136 | D:10     | Gained mutation: Your muscles are strong. (Str +4, Int/Dex
                  | -1) [Xom's mischief]
  5136 | D:10     | Gained mutation: Your body sometimes deteriorates upon
                  | taking damage. [Xom's mischief]
  5148 | D:11     | XOM: draining
  5160 | D:11     | Found a staircase to the Orcish Mines.
  5163 | D:11     | Reached skill level 10 in Dodging
  5220 | D:11     | Noticed a two-headed ogre
  5233 | D:11     | Killed a two-headed ogre
  5243 | D:11     | XOM: 1-stop teleportation journey
  5321 | D:11     | Found Celiluhi's Book Shoppe.
  5334 | D:11     | Noticed a skeletal warrior
  5352 | D:12     | Noticed a manticore
  5356 | D:12     | Killed a manticore
  5359 | D:12     | Noticed a manticore
  5360 | D:12     | Reached XP level 12. HP: 88/89 MP: 10/16
  5727 | Orc:1    | Entered Level 1 of the Orcish Mines
  5923 | Orc:1    | Found an ornate altar of the Wu Jian Council.
  5923 | Orc:1    | Found a transporter.
  5952 | Orc:1    | Found a transporter.
  5989 | Orc:1    | Found a transporter.
  6023 | Orc:1    | Noticed an orc warlord
  6023 | Orc:1    | Found an ornate altar of the Wu Jian Council.
  6023 | Orc:1    | Found a transporter.
  6044 | Orc:1    | Killed an orc warlord
  6187 | Orc:2    | Entered Level 2 of the Orcish Mines
  6187 | Orc:2    | Noticed an orc high priest
  6197 | Orc:2    | Killed an orc high priest
  6210 | Orc:2    | Noticed an orc high priest
  6214 | Orc:2    | Noticed a sun demon
  6251 | Orc:2    | Killed an orc high priest
  6325 | Orc:2    | XOM: draining
  6373 | Orc:2    | Reached XP level 13. HP: 94/94 MP: 14/17
  6393 | Orc:2    | Noticed an orc warlord
  6405 | Orc:2    | Killed an orc warlord
  6406 | Orc:2    | Reached skill level 10 in Unarmed Combat
  6415 | Orc:2    | Reached skill level 10 in Stealth
  6459 | Orc:2    | Found Ereick's Antique Weapon Shoppe.
  6472 | Orc:2    | Found Gaurowun's Antique Armour Shoppe.
  6488 | Orc:2    | Found Toobim's General Store.
  6504 | Orc:2    | Found Pypoeduz's Book Shoppe.
  6562 | Orc:2    | Bought a Fen Folio for 546 gold pieces
  6568 | Orc:2    | Learned a level 5 spell: Summon Forest
  6580 | Orc:2    | Found Mucawinn's Jewellery Boutique.
  6586 | Orc:2    | Bought a +6 ring of dexterity for 576 gold pieces
  6655 | Orc:2    | Bought a book of Cantrips for 156 gold pieces
  6657 | Orc:2    | Learned a level 1 spell: Apportation
  6745 | Orc:2    | Found a staircase to the Elven Halls.
  6953 | Lair:1   | Entered Level 1 of the Lair of Beasts
  6961 | Lair:1   | Reached skill level 1 in Translocations
  7011 | Lair:1   | You fall into a shaft and drop 1 floor!
  7011 | Lair:2   | Found a gate leading to a gauntlet.
  7038 | Gauntlet | Entered a Gauntlet
  7038 | Gauntlet | Found a transporter.
  7038 | Gauntlet | Found a transporter.
  7060 | Gauntlet | Found a transporter.
  7060 | Gauntlet | Found a transporter.
  7064 | Gauntlet | Found a transporter.
  7064 | Gauntlet | Found a transporter.
  7092 | Gauntlet | Noticed an entropy weaver
  7098 | Gauntlet | Found a transporter.
  7102 | Gauntlet | Found a transporter.
  7110 | Gauntlet | Noticed a reaper
  7113 | Gauntlet | an entropy weaver changed into something unseen
  7115 | Gauntlet | Found a transporter.
  7129 | Gauntlet | Found a transporter.
  7133 | Gauntlet | Found a runed translucent door.
  7147 | Gauntlet | Found a transporter.
  7148 | Gauntlet | Found a transporter.
  7220 | Gauntlet | Reached ****** piety under Cheibriados
  7305 | Gauntlet | Killed a reaper
  7312 | Gauntlet | Identified the ring "Mud Qage" {rElec rN+ Will+}
  7319 | Gauntlet | Noticed a minotaur
  7329 | Gauntlet | Killed a minotaur
  7330 | Gauntlet | Reached skill level 5 in Translocations
  7338 | Gauntlet | Identified the ring of the Present {rF+ rN+ Int+3 Dex+2}
  7339 | Gauntlet | Got the Reference Book on the Star-crossed Anticline
  7369 | Gauntlet | Reached skill level 5 in Spellcasting
  7402 | Lair:1   | Identified the +6 ring mail "Leadiv" {Dex+2}
  7402 | Lair:1   | Noticed P0WERM0DE's ghost (journeyman OpDe)
  7414 | Lair:1   | Found a transporter.
  7416 | Lair:1   | Found a transporter.
  7435 | Lair:1   | Killed P0WERM0DE's ghost
  7600 | Lair:2   | Noticed Harold
  7609 | Lair:2   | Killed Harold
  7614 | Lair:2   | Reached skill level 9 in Transmutations
  7850 | Lair:3   | Reached skill level 10 in Translocations
  7850 | Lair:3   | Reached XP level 14. HP: 93/101 MP: 14/21
  7864 | Lair:3   | Reached skill level 10 in Transmutations
  7867 | Lair:3   | Found a hide-covered altar of Uskayaw.
  7867 | Lair:3   | Found an ornate altar of the Wu Jian Council.
  8092 | Lair:3   | Found a staircase to the Swamp.
  8236 | Lair:4   | Reached skill level 11 in Transmutations
  8310 | Lair:4   | Found a radiant altar of Vehumet.
  8326 | Lair:5   | Entered Level 5 of the Lair of Beasts
  8437 | Lair:5   | Found a dark tunnel.
  8466 | Volcano  | Entered a volcano
  8636 | Lair:5   | Reached skill level 12 in Transmutations
  8739 | Lair:5   | XOM: summons 3 hostile shadow creatures
  8842 | Lair:5   | Got the Parchment of Morbid Hexes
  8851 | Lair:5   | Learned a level 7 spell: Dragon Form
  8923 | Lair:5   | Found a staircase to the Slime Pits.
  9005 | Lair:5   | Reached XP level 15. HP: 106/106 MP: 27/27
  9108 | Lair:5   | XOM: summons 4 hostile shadow creatures
  9116 | Lair:5   | Reached skill level 13 in Transmutations
  9223 | Lair:5   | Found the +6 shillelagh "Devastator" {shatter}
  9358 | Lair:3   | Found a staircase to the Snake Pit.
  9382 | Lair:3   | Learned a level 3 spell: Ozocubu's Armour
  9385 | Snake:1  | Entered Level 1 of the Snake Pit
  9419 | Snake:1  | XOM: give mutations
  9419 | Snake:1  | Gained mutation: You are partially covered in iridescent
                  | scales. (AC +2) [Xom's mischief]
  9419 | Snake:1  | Lost mutation: You occasionally lose the ability to drink
                  | potions when taking damage. [Xom's mischief]
  9419 | Snake:1  | Lost mutation: You have a pair of small antennae on your
                  | head. [Xom's mischief]
  9419 | Snake:1  | Lost mutation: You are very dopey. (Int -4) [Xom's
                  | mischief]
  9488 | Snake:1  | Found Uploeg's Magic Scroll Shop.
  9496 | Snake:1  | Bought a scroll of magic mapping for 97 gold pieces
  9496 | Snake:1  | Bought 2 scrolls of teleportation for 78 gold pieces
  9496 | Snake:1  | Bought a scroll of blinking for 97 gold pieces
  9496 | Snake:1  | Bought a scroll of identify for 26 gold pieces
  9616 | Snake:2  | Reached skill level 10 in Spellcasting
  9618 | Snake:2  | Reached skill level 14 in Transmutations
  9627 | Snake:2  | Found a frozen archway.
  9670 | IceCv    | XOM: noise
  9670 | IceCv    | Entered an ice cave
  9716 | IceCv    | XOM: noise
  9716 | IceCv    | Was forgiven by Xom
  9803 | IceCv    | Noticed an azure jelly
  9830 | IceCv    | Reached skill level 1 in Summonings
  9909 | IceCv    | Noticed a rockslime
  9910 | IceCv    | Noticed an azure jelly
  9912 | IceCv    | Noticed an azure jelly
  9914 | IceCv    | Killed a rockslime
  9916 | IceCv    | Killed an azure jelly
  9917 | IceCv    | Noticed an azure jelly
  9918 | IceCv    | Killed an azure jelly
  9919 | IceCv    | Reached XP level 16. HP: 113/113 MP: 18/30
  9919 | IceCv    | Found a viscous altar of Jiyva.
  9922 | IceCv    | Killed an azure jelly
  9947 | IceCv    | Got the ring "Cyuroott" {Drain rF- rC+ rCorr Int+6 Slay+6}
 10011 | Snake:2  | Learned a level 5 spell: Metabolic Englaciation
 10051 | Snake:3  | Noticed Agnes
 10057 | Snake:3  | Killed Agnes
 10058 | Snake:3  | Reached skill level 5 in Summonings
 10080 | Snake:3  | HP: 5/174 [naga sharpshooter/bolt (18)]
 10082 | Snake:3  | Mangled by a naga warrior

Illustrated notes

##....#####.####.
#...).......# ##
#...........#***
#...........+,,*
#...........#***
####...........#
#...........?..#
#..............#
#..Y...........* *
#.....#########*****
#####.# *,,,,,,,,,
#.# *,,,,,,~,~ #.#*
*,~,,~,~,~ *..*
*,,,,,,~~~
**)****,,~~,~,~~
*,,,,,,,,~~~~~~
*****,,,,~~~~~~


Turn 4663 on D:10: 3 acquire lol

Levels and vault maps discovered:
D:1:      dpeg_arrival_solitude, layout_basic
D:2:      layout_basic, basic_altar, shapermc_ecumenical_altar_hornbeckon,
          uniq_jessica, uniq_sigmund, uniq_robin
D:3:      layout_basic, marbit_many_paths, fiery_altar_vehumet
D:4:      layout_basic, nicolae_ashenzari_skybound, kennysheep_slug_shrine,
          mainiacjoe_overflow_swirl, mainiacjoe_overflow_big_doors
D:5:      nicolae_cairo_tiling_large_dashed, layout_rooms, uniq_menkaure
D:6:      layout_rooms, gammafunk_ghost_gnarly_gnolls, uniq_maggie
D:7:      layout_basic, temple_hall_moat
D:8:      layout_gridville, tso_altar, dreamdust_wishing_well, uniq_erica
D:9:      layout_basic
D:10:     layout_basic, general_overflow_altar, xom_teletrap_fun,
          nicolae_hepliaklqana_hazy_memory, erik_lair_island, enter_bailey_4,
          st_stairs_2, dk_noncrumbling_2, hangedman_tell_no_tales, uniq_sonja
D:11:     layout_stronghold, kennysheep_orc_monster_closet_entryway,
          serial_shops, kennysheep_mini_moat
D:12:     layout_basic, gammafunk_ghost_berserking_beasts,
          minmay_misc_feat_four_crosses, lightli_airlock
Temple:   hellmonk_temple_flake
Lair:1:   layout_gridlike, nzn_ghost_randoct, uniq_gastronok
Lair:2:   layout_gridlike, gauntlet_entry_generic, uniq_harold
Lair:3:   layout_small_grid, minmay_swamp_entry_reptiles,
          minmay_snake_entry_six_corridors, nzn_masters_of_martial_movement
Lair:4:   layout_roguey, lemuel_oklob_altar, grunt_megastairs_3
Lair:5:   hangedman_lair_in_review, layout_cave_pods, guppyfry_lair_end_dragon,
          nicolae_slime_entry_slimehenge, enter_volcano_4
Snake:1:  layout_basic, serial_shops, nicolae_shop_trees,
          nicolae_shop_waterfront, nicolae_lakefront_shop
Snake:2:  layout_basic, portal_ice_cave_entry_pillars_1,
          nicolae_snake_lava_pool, grunt_megastairs_5
Snake:3:  layout_chambers, grunt_megastairs_4, uniq_agnes
Orc:1:    dreamdust_wu_jian_sword_trials, layout_diamond_mine
Orc:2:    grunt_orc_cross, layout_diamond_mine, serial_shops, shop

Skill      XL: |  1  2  3  4  5  6  7  8  9 10 11 12 13 14 15 16 |
---------------+-------------------------------------------------+-----
Transmutations | 3 4 5 8 9 12 14 | 14.2
Unarmed Combat | 4 5 9 10 | 10.0
Poison Magic   | 2 3 4 |  4.0
Hexes          | 1 2 3 4 |  4.0
Spellcasting   | 3 5 8 10 | 10.4
Conjurations   | 2 3 |  3.0
Ice Magic      | 2 3 |  3.0
Fighting       | 5 7 8 |  8.4
Dodging        | 5 8 11 12 | 12.1
Stealth        | 5 7 10 12 | 12.0
Invocations    | 5 6 |  6.0
Air Magic      | 3 |  3.0
Translocations | 10 | 10.0
Summonings     | 3 6 |  6.4

Action                     |  1- 3 |  4- 6 |  7- 9 | 10-12 | 13-15 | 16-18 || total
---------------------------+-------+-------+-------+-------+-------+-------++-------
  Melee: Unarmed           |    45 |   143 |   150 |   427 |   744 |    25 ||  1534
         Constrict         |     7 |    21 |       |     1 |     1 |       ||    30
         Tentacles         |     7 |    28 |       |     2 |     7 |       ||    44
         Punch             |       |     5 |     1 |       |    14 |     2 ||    22
         Bite              |       |       |       |     4 |    23 |       ||    27
         Tailslap          |       |       |       |       |    29 |       ||    29
   Cast: Spider Form       |     1 |     8 |     2 |    17 |     1 |       ||    29
         Ice Form          |       |     1 |    14 |    31 |    38 |       ||    84
         Dazzling Flash    |       |       |     7 |       |       |       ||     7
         Mephitic Cloud    |       |       |       |    13 |    35 |       ||    48
         Apportation       |       |       |       |       |    59 |     8 ||    67
         Summon Forest     |       |       |       |       |     6 |     2 ||     8
         Dragon Form       |       |       |       |       |    10 |     1 ||    11
         Ozocubu's Armour  |       |       |       |       |     1 |       ||     1
 Invoke: Slouch            |       |       |       |     6 |    11 |     5 ||    22
  Evoke: Wand              |       |       |     9 |    19 |     2 |       ||    30
    Use: Potion            |     1 |     2 |     7 |     1 |     2 |       ||    13
         Scroll            |       |    15 |     3 |     9 |     8 |     3 ||    38
   Stab: Sleeping          |     3 |    10 |     1 |    13 |     7 |       ||    34
         Invisible         |       |       |     5 |       |       |       ||     5
         Confused          |       |       |       |    18 |    51 |       ||    69
         Distracted        |       |       |       |       |     6 |       ||     6
         Petrified         |       |       |       |       |     1 |       ||     1
 Armour: Skin              |    14 |    42 |    87 |   133 |   176 |    18 ||   470
  Dodge: Dodged            |    21 |   120 |   113 |   571 |   815 |    44 ||  1684

Table legend: (Time is in decaauts)
 A = Elapsed time spent in this place.
 B = Non-inter-level travel time spent in this place.
 C = Inter-level travel time spent in this place.
 D = Time resting spent in this place.
 E = Time spent auto-exploring this place.
 F = Levels seen in this place.
 G = Mean time per level.
                   A        B        C        D        E       F      G
               +--------+--------+--------+--------+--------+-----+--------+
         Total |  15142 |  13413 |   1729 |     94 |    152 |  27 |  560.8 |
       Dungeon |   7783 |   6795 |    988 |     89 |    152 |  12 |  648.6 |
        Temple |     11 |     11 |      0 |      0 |      0 |   1 |   11.0 |
          Lair |   3159 |   2624 |    535 |      0 |      0 |   5 |  631.8 |
     Snake Pit |    577 |    551 |     26 |      0 |      0 |   3 |  192.3 |
  Orcish Mines |   1886 |   1708 |    178 |      5 |      0 |   2 |  943.0 |
        Bailey |    517 |    517 |      0 |      0 |      0 |   1 |  517.0 |
      Ice Cave |    518 |    518 |      0 |      0 |      0 |   1 |  518.0 |
       Volcano |    128 |    128 |      0 |      0 |      0 |   1 |  128.0 |
      Gauntlet |    559 |    559 |      0 |      0 |      0 |   1 |  559.0 |
               +--------+--------+--------+--------+--------+-----+--------+

Top non-repeatable levels by time:
  Lair:5: 1383 daAuts
   Orc:2: 1108 daAuts
    D:11: 1014 daAuts
     D:6: 883 daAuts
     D:2: 844 daAuts
     D:8: 816 daAuts
    D:10: 778 daAuts
   Orc:1: 778 daAuts
  Lair:3: 732 daAuts
     D:4: 691 daAuts
     D:1: 634 daAuts
     D:9: 588 daAuts
     D:7: 562 daAuts
Gauntlet: 559 daAuts
   IceCv: 518 daAuts
